 Dungeon Sprint DCSS version 0.30.1-9-gdf580d7c3d (webtiles) character file.

Game seed: 12505177484665925035

26405 Heoruswealwe the Minotaur Porcupine (level 12, -2/136 HPs)
             Began as a Minotaur Fighter on Sept 25, 2023.
             Was an Initiate of Gozag.
             Killed from afar by a frost giant (21 damage)
             ... with a bolt of cold
             ... in the Dungeon (Sprint IX: "|||||||||||||||||||||||||||||").
             The game lasted 00:29:49 (2455 turns).

Heoruswealwe the Minotaur Porcupine (MiFi)          Turns: 2455, Time: 00:29:54

Health: -2/136     AC: 30    Str: 30    XL:     12   Next: 98%
Magic:  1/11       EV:  9    Int:  7    God:    Gozag
Gold:   701        SH:  0    Dex:  7    Spells: 11/11 levels left

rFire   + . .        b - +1 glaive "Teagyell" {heavy, rPois Str+4 Int+2 Dex-3}
rCold   + . .        (shield currently unavailable)
rNeg    . . .        c - +0 shadow dragon scales
rPois   +            (helmet restricted)
rElec   +            h - +0 cloak
rCorr   +            f - +2 pair of gloves {infuse}
SInv    +            e - +1 pair of boots
Will    .....        (no amulet)
Stlth   ++           k - ring of see invisible
HPRegen 0.42/turn    (no ring)
MPRegen 0.12/turn

%: no teleportation, infuse magic (1 MP)
@: mighty, resistant, hasted, very quick
A: horns 2, retaliatory headbutt
a: Renounce Religion, Potion Petition, Call Merchant, Bribe Branch


You were in the Dungeon.
You worshipped Gozag.
Gozag was pleased with you.
You visited 1 branch You collected 9149 gold pieces.
You spent 3029 gold pieces at shops.
You paid 5419 gold pieces to Gozag.

Inventory:

Hand Weapons
 a - the +4 trident "Goblin's Regret" {flame, rElec rC+ Int+3}
   (You bought it in a shop in the Dungeon)

   Int:       It affects your intelligence (+3).
   rC:        It protects you from cold.
   rElec:     It insulates you from electricity.
 b - the +1 glaive "Teagyell" (weapon) {heavy, rPois Str+4 Int+2 Dex-3}
   (You found it in the Dungeon)

   Str:       It affects your strength (+4).
   Int:       It affects your intelligence (+2).
   Dex:       It affects your dexterity (-3).
   rPois:     It protects you from poison.
 w - the +2 spear of Etrep {flame, rPois}
   (You bought it in a shop in the Dungeon)

   rPois:     It protects you from poison.
 x - the +3 greatsling "Punk" {acid, rCorr}
   (You bought it in a shop in the Dungeon)

   rCorr:     It protects you from acid and corrosion.
 y - a +0 bardiche
Armour
 c - +0 shadow dragon scales (worn)
 d - a +1 tower shield
 e - a +1 pair of boots (worn)
 f - a +2 pair of gloves of infusion (worn)
 h - a +0 cloak (worn)
Jewellery
 k - a ring of see invisible (left hand)
Wands
 m - a wand of acid (10)
Scrolls
 j - 2 scrolls of blinking
 q - 3 scrolls of enchant weapon
 t - a scroll of identify {unknown}
 v - 3 scrolls of enchant armour
Potions
 i - a potion of curing
 l - 2 potions of might
 n - a potion of invisibility
 p - 3 potions of mutation
 s - a potion of degeneration {unknown}
 u - 2 potions of cancellation


   Skills:
 + Level 21.1 Fighting
 O Level 27 Polearms
 + Level 21.1 Armour
 - Level 3.6 Shields


You had 11 spell levels left.
You didn't know any spells.
Your spell library was empty.

Dungeon Overview and Level Annotations

Branches:
Dungeon (1/1)

Altars:
Cheibriados
Dithmenos
Elyvilon
Fedhas
Gozag
Hepliaklqana
Kikubaaqudgha
Makhleb
Nemelex Xobeh
Okawaru
Qazlal
Ru
Sif Muna
Trog
Uskayaw
Vehumet
Wu Jian
Xom
Yredelemnul
Zin
The Shining One
Jiyva
Lugonu

Shops:
D *![((*((


Innate Abilities, Weirdness & Mutations

You have a pair of horns on your head.
You reflexively headbutt those who attack you in melee.


Message History

There is an open door to the Dungeon, spattered with blood here.
Items here: $ ))) [.
You hit the frost giant.
The frost giant is lightly wounded.
The frost giant gestures at you while chanting.
The bolt of cold hits the frost giant.
The frost giant resists.
The bolt of cold hits you!
* * * LOW HITPOINT WARNING * * *
The frost giant hits you with a +1 battleaxe of freezing!
* * * LOW HITPOINT WARNING * * *
The frost giant freezes you.
* * * LOW HITPOINT WARNING * * *
Blink to where?
Press: ? - help, Dir - move target
As you read the scroll of blinking, it crumbles to dust.
You feel much better.
You feel better.
The frost giant is distracted by your dazzling golden aura.
You feel better.
The frost giant is no longer distracted by gold.
You feel better.
You feel better.
You feel better.
The frost giant points at you and mumbles some strange words.
The bolt of cold hits you!!
The frost giant is distracted by your dazzling golden aura.
The frost giant casts a spell at you.
The bolt of cold hits the frost giant!
The frost giant resists.
The frost giant is no longer distracted by gold.
The bolt of cold hits you!!!
* * * LOW HITPOINT WARNING * * *
You feel protected.
You feel better. The frost giant casts a spell at you.
The bolt of cold hits you but does no damage.
The frost giant points at you and mumbles some strange words.
The bolt of cold hits the frost giant.
The frost giant resists.
The bolt of cold hits you!! You resist.
You die...
Your body crumbles into a pile of gold.

,,,,,,,,,,,,,,,+,,,,,,,,,,,,,,,,,
*********************************
,,,,,,,,,,,,,,,,,,,,,,,,,,,,,,,,,
*********************************
,,,,+,,,,,,,,,+,,,,,,,,,+,,,,,,,,
*********************************
,,,,,,,,,,,,,,,,,,,,,,,,,,,,,,,,,
▓▓▓▓▓▓▓▓▓▓▓▓▓▓▓▓▓▓▓▓▓▓▓▓▓▓▓▓▓▓▓▓▓
))[[[[[[.[[.....@??CC$$..$$$..C..
▓▓▓▓▓▓▓▓▓▓▓▓▓▓▓▓▓▓▓▓▓▓▓▓▓▓▓▓▓▓▓▓▓
..........................)......
▓▓▓▓▓▓▓▓▓▓▓▓▓▓▓▓▓▓▓▓▓▓▓▓▓▓▓▓▓▓▓▓▓
)))...))))))))))...'.[)).∩.∩.∩.∩.
▓▓▓▓▓▓▓▓▓▓▓▓▓▓▓▓▓▓▓▓▓▓▓▓▓▓▓▓▓▓▓▓▓
...))............................
▓▓▓▓▓▓▓▓▓▓▓▓▓▓▓▓▓▓▓▓▓▓▓▓▓▓▓▓▓▓▓▓▓
'.........'.........'..........).


You could see 2 frost giants.

Vanquished Creatures
  A fire giant (D)
  A frost giant (D)
  A stone giant (D)
  3 ettins (D)
  Josephine (D)
  A hydra (D)
  4 ogre magi (D)
  Erica (D)
  2 boulder beetles (D)
  2 centaur warriors (D)
  A death yak (D)
  Urug (D)
  A spriggan berserker (D)
  An iron troll (D)
  4 deep trolls (D)
  2 orc knights (D)
  2 ugly things (D)
  An orc sorcerer (D)
  2 cyclopes (D)
  2 manticores (D)
  2 black mambas (D)
  3 cane toads (D)
  A komodo dragon (D)
  A komodo dragon (shapeshifter) (D)
  A polar bear (D)
  5 trolls (D)
  A dream sheep (D)
  5 wraiths (D)
  A culicivora (shapeshifter) (D)
  2 yaks (D)
  A shadow (D)
  4 water moccasins (D)
  7 black bears (D)
  12 orc warriors (D)
  A wolf (D)
  A centaur (D)
  A bullfrog (D)
  A scorpion (D)
  A killer bee (D)
  2 orc priests (D)
  An iguana (D)
  6 orc wizards (D)
  An adder (D)
  A gnoll (D)
  4 orcs (D)
  2 endoplasms (D)
  A hobgoblin (D)
  A goblin (D)
  A rat (D)
105 creatures vanquished.

Vanquished Creatures (others)
  A shadow (D)
  An orc wizard (D)
2 creatures vanquished.

Grand Total: 107 creatures vanquished

Notes
Turn   | Place    | Note
-------+----------+-------------------------------------------
     0 | D        | Heoruswealwe the Minotaur Fighter began the quest for the
                  | Orb.
     0 | D        | Reached XP level 1. HP: 19/19 MP: 0/0
     9 | D        | Reached skill level 3 in Polearms
    46 | D        | Noticed an iguana
    46 | D        | Noticed a scorpion
    46 | D        | Noticed a centaur
    50 | D        | Reached skill level 4 in Polearms
    50 | D        | Reached XP level 2. HP: 26/28 MP: 1/1
    52 | D        | Reached skill level 5 in Fighting
    52 | D        | Reached skill level 6 in Polearms
    52 | D        | Reached skill level 5 in Armour
    52 | D        | Reached XP level 3. HP: 34/36 MP: 2/2
    61 | D        | Killed a scorpion
    62 | D        | Reached skill level 7 in Polearms
    62 | D        | Reached XP level 4. HP: 24/45 MP: 3/3
    64 | D        | Reached skill level 8 in Polearms
    68 | D        | Killed a centaur
    69 | D        | Reached skill level 9 in Polearms
    69 | D        | Reached XP level 5. HP: 29/52 MP: 4/4
    76 | D        | Found a snail-covered altar of Cheibriados.
    76 | D        | Found a shadowy altar of Dithmenos.
    76 | D        | Found a white marble altar of Elyvilon.
    76 | D        | Found a blossoming altar of Fedhas.
    76 | D        | Found an opulent altar of Gozag.
    77 | D        | Found a hazy altar of Hepliaklqana.
    78 | D        | Found a viscous altar of Jiyva.
    79 | D        | Found an ancient bone altar of Kikubaaqudgha.
    80 | D        | Found a corrupted altar of Lugonu.
    81 | D        | Found a burning altar of Makhleb.
    82 | D        | Found a sparkling altar of Nemelex Xobeh.
    83 | D        | Found an iron altar of Okawaru.
    84 | D        | Became a worshipper of Gozag Ym Sagoz the Greedy
    85 | D        | Found a stormy altar of Qazlal.
    86 | D        | Found a sacrificial altar of Ru.
    87 | D        | Found a shimmering blue altar of Sif Muna.
    88 | D        | Found a bloodstained altar of Trog.
    89 | D        | Found a hide-covered altar of Uskayaw.
    90 | D        | Found a radiant altar of Vehumet.
    91 | D        | Found an ornate altar of the Wu Jian Council.
    92 | D        | Found a shimmering altar of Xom.
    93 | D        | Found a basalt altar of Yredelemnul.
    94 | D        | Found a glowing silver altar of Zin.
    95 | D        | Found a glowing golden altar of the Shining One.
   152 | D        | Noticed an orc warrior
   152 | D        | Noticed a shadow
   152 | D        | Noticed a troll
   152 | D        | Noticed a yak
   155 | D        | Killed an orc warrior
   156 | D        | Reached skill level 10 in Polearms
   156 | D        | Reached XP level 6. HP: 62/62 MP: 5/5
   161 | D        | Killed a shadow
   162 | D        | Reached skill level 12 in Polearms
   168 | D        | Killed a troll
   169 | D        | Reached skill level 10 in Fighting
   169 | D        | Reached skill level 13 in Polearms
   169 | D        | Reached skill level 10 in Armour
   169 | D        | Reached XP level 7. HP: 25/72 MP: 6/6
   177 | D        | Killed a yak
   178 | D        | Reached skill level 14 in Polearms
   290 | D        | Noticed a cane toad
   290 | D        | Noticed a troll
   290 | D        | Noticed a cyan ugly thing
   290 | D        | Noticed a shadow
   290 | D        | Noticed a centaur warrior
   290 | D        | Noticed a cyclops
   293 | D        | a cane toad changed into a queen bee
   293 | D        | Noticed a queen bee (shapeshifter)
   296 | D        | a queen bee changed into a komodo dragon
   296 | D        | Noticed a komodo dragon (shapeshifter)
   298 | D        | Killed a komodo dragon
   299 | D        | Reached XP level 8. HP: 82/82 MP: 7/7
   302 | D        | Killed a troll
   303 | D        | Reached skill level 15 in Polearms
   312 | D        | Killed a cyan ugly thing
   313 | D        | Reached skill level 16 in Polearms
   319 | D        | Killed a centaur warrior
   320 | D        | Reached skill level 17 in Polearms
   320 | D        | Reached XP level 9. HP: 45/93 MP: 8/8
   324 | D        | Killed a cyclops
   325 | D        | Reached skill level 18 in Polearms
   636 | D        | Noticed a death yak
   636 | D        | Noticed a cane toad
   636 | D        | Noticed a komodo dragon
   637 | D        | Noticed a six-headed hydra
   645 | D        | Killed a death yak
   646 | D        | Noticed a boulder beetle
   649 | D        | Noticed a boulder beetle
   650 | D        | Killed a cane toad
   651 | D        | Reached skill level 19 in Polearms
   653 | D        | Killed a komodo dragon
   654 | D        | Reached XP level 10. HP: 104/104 MP: 0/9
   665 | D        | Killed a ten-headed hydra
   675 | D        | Killed a boulder beetle
   676 | D        | Reached skill level 15 in Fighting
   676 | D        | Reached skill level 20 in Polearms
   676 | D        | Reached skill level 15 in Armour
   686 | D        | Killed a boulder beetle
   708 | D        | Noticed a black mamba
   708 | D        | Noticed a cane toad
   716 | D        | Killed a black mamba
   717 | D        | Reached skill level 21 in Polearms
   724 | D        | Noticed a cane toad
   726 | D        | Noticed a black mamba
   731 | D        | Killed a cane toad
   738 | D        | Killed a cane toad
   741 | D        | Killed a black mamba
   742 | D        | Reached XP level 11. HP: 73/114 MP: 0/10
   760 | D        | Reached skill level 22 in Polearms
   980 | D        | Noticed Urug
   983 | D        | Noticed Josephine
   989 | D        | Killed Urug
  1000 | D        | Killed Josephine
  1010 | D        | Reached skill level 23 in Polearms
  1269 | D        | Noticed an orc sorcerer
  1269 | D        | Noticed an orc knight
  1273 | D        | Killed an orc sorcerer
  1297 | D        | Killed an orc knight
  1570 | D        | Found Ipleich's Assorted Antiques.
  1570 | D        | Noticed an ogre mage
  1570 | D        | Noticed an ogre mage
  1570 | D        | Noticed an ettin
  1571 | D        | Noticed an ettin
  1573 | D        | Noticed a deep troll
  1574 | D        | Found Gyivumodd's Distillery.
  1574 | D        | Noticed a deep troll
  1576 | D        | Killed an ogre mage
  1577 | D        | Reached skill level 24 in Polearms
  1579 | D        | Killed an ogre mage
  1585 | D        | Killed an ettin
  1586 | D        | Found Wovyv's Distillery.
  1592 | D        | Killed an ettin
  1593 | D        | Reached XP level 12. HP: 55/128 MP: 0/11
  1593 | D        | Found Famet's Armour Shoppe.
  1598 | D        | Reached skill level 25 in Polearms
  1607 | D        | Noticed an ogre mage
  1632 | D        | Killed an ogre mage
  1729 | D        | Bought a potion of cancellation for 88 gold pieces
  1729 | D        | Bought a potion of heal wounds for 55 gold pieces
  1729 | D        | Bought a potion of heal wounds for 55 gold pieces
  1729 | D        | Bought a potion of curing for 33 gold pieces
  1729 | D        | Bought a potion of haste for 110 gold pieces
  1729 | D        | Bought a potion of mutation for 88 gold pieces
  1731 | D        | Bought 2 potions of curing for 72 gold pieces
  1731 | D        | Bought a potion of curing for 36 gold pieces
  1731 | D        | Bought a potion of cancellation for 96 gold pieces
  1731 | D        | Bought a potion of curing for 36 gold pieces
  1731 | D        | Bought a potion of curing for 36 gold pieces
  1731 | D        | Bought a potion of curing for 36 gold pieces
  1737 | D        | Bought a fizzy clear potion for 23 gold pieces
  1737 | D        | Bought a scroll labelled HOKEN AX PUEB for 26 gold pieces
  1737 | D        | Bought a scroll of blinking for 195 gold pieces
  1737 | D        | Bought a pair of boots for 117 gold pieces
  1739 | D        | Bought a potion of lignification for 36 gold pieces
  1741 | D        | Bought a potion of brilliance for 44 gold pieces
  1895 | D        | Bought the +2 spear of Etrep {flame, rPois} for 345 gold
                  | pieces
  1926 | D        | Bought a scroll of enchant weapon for 202 gold pieces
  1926 | D        | Bought a scroll labelled MYCOQU COSI for 27 gold pieces
  1929 | D        | Bought the +4 trident "Goblin's Regret" {flame, rElec rC+
                  | Int+3} for 804 gold pieces
  1929 | D        | Bought the +3 greatsling "Punk" {acid, rCorr} for 469 gold
                  | pieces
  1929 | D        | Found the +3 greatsling "Punk" {acid, rCorr}
  2001 | D        | Noticed Erica
  2009 | D        | Killed Erica
  2010 | D        | Reached skill level 26 in Polearms
  2261 | D        | Got the +1 glaive "Teagyell" {heavy, rPois Str+4 Int+2
                  | Dex-3}
  2391 | D        | Noticed a centaur warrior
  2396 | D        | Killed a centaur warrior
  2402 | D        | Noticed a stone giant
  2405 | D        | Noticed a frost giant
  2408 | D        | Noticed an ogre mage
  2409 | D        | Noticed a fire giant
  2411 | D        | Killed a stone giant
  2412 | D        | Noticed an ettin
  2414 | D        | Killed a frost giant
  2415 | D        | Reached skill level 27 in Polearms
  2417 | D        | Killed a fire giant
  2417 | D        | Noticed a frost giant
  2419 | D        | Killed an ogre mage
  2420 | D        | Noticed a frost giant
  2436 | D        | Killed an ettin
  2444 | D        | HP: 2/136 [frost giant/+1 battleaxe of freezing (9)]
  2455 | D        | Killed from afar by a frost giant

Illustrated notes

Levels and vault maps discovered:
D:        linesprint [early_d, line_temple, items_1, d_10, items_2, lair_1,
          lair_end, items_3, orc_1, orc_end, items_4, d_15, swamp_1, shoals_1,
          snake_1, spider_1, d_20, vaults_1, items_5, swamp_end, shoals_end,
          snake_end, spider_end, vaults_end, d_27, items_6, zot_1, zot_end,
          crypt_end, forest_end, elf_end, slime_end, tomb_end, abyss_end,
          pan_hell_end]

Skill      XL: |  1  2  3  4  5  6  7  8  9 10 11 12 |
---------------+-------------------------------------+-----
Polearms       | 4 6 7 9 10 13 14 17 19 21 24 27 | 27.0
Fighting       | 4 5 6 7 8 10 11 13 14 16 18 21 | 21.1
Armour         | 4 5 6 7 8 10 11 13 14 16 18 21 | 21.1
Shields        | |  3.6

Action                     |  1- 3 |  4- 6 |  7- 9 | 10-12 || total
---------------------------+-------+-------+-------+-------++-------
  Melee: Trident           |    26 |     6 |       |     4 ||    36
         Headbutt          |     7 |     4 |    17 |    59 ||    87
         Halberd           |       |    15 |    53 |   233 ||   301
         Glaive            |       |       |       |    34 ||    34
 Invoke: Call Merchant     |       |       |       |     5 ||     5
    Use: Potion            |       |     1 |     3 |    22 ||    26
         Scroll            |       |       |       |     3 ||     3
   Stab: Distracted        |       |       |     1 |     2 ||     3
 Armour: Scale mail        |     2 |    13 |     1 |       ||    16
         Plate armour      |       |       |    20 |    77 ||    97
         Shadow dragon sca |       |       |       |    15 ||    15
  Dodge: Dodged            |    12 |    13 |     6 |    60 ||    91
  Block: Buckler           |     2 |     2 |       |       ||     4
